 Dungeon Crawl Stone Soup version 0.25-a0-719-gde951dce62 (webtiles) character file.

Game seed: 11594196577085572178, levelgen mode: deterministic

348 Glundar the Shield-Bearer (level 6, 0/53 HPs)
             Began as a Minotaur Fighter on Apr 6, 2020.
             Succumbed to a killer bee's poison
             ... on level 4 of the Dungeon.
             The game lasted 00:10:00 (3822 turns).

Glundar the Shield-Bearer (Minotaur Fighter)        Turns: 3822, Time: 00:10:01

Health: 0/53       AC:  9    Str: 23    XL:     6   Next: 33%
Magic:  5/5        EV:  8    Int:  5    God:
Gold:   148        SH: 10    Dex:  9    Spells: 5/5 levels left

rFire    . . .     SeeInvis .   a - +0 war axe
rCold    . . .     Gourm    .   c - +0 kite shield
rNeg     . . .     Faith    .   t - +0 scale mail
rPois    .         Spirit   .   (helmet restricted)
rElec    .         Reflect  .   l - scarf {repulsion}
rCorr    .         Harm     .   (no gloves)
MR       .....                  (no boots)
Stlth    +.........             (no amulet)
HPRegen  0.17/turn              i - ring of stealth
MPRegen  0.09/turn              k - +2 ring of protection

@: lethally poisoned (0 -> -6), repel missiles
A: retaliatory headbutt, horns 2
a: no special abilities


You were on level 4 of the Dungeon.
You were hungry.

You visited 1 branch of the dungeon, and saw 4 of its levels.

You collected 148 gold pieces.

Inventory:

Hand Weapons
 a - a +0 war axe (weapon)
 b - a +0 hunting sling
 y - a +0 mace of protection
Missiles
 o - 94 stones (quivered)
 x - 5 poisoned darts
Armour
 c - a +0 kite shield (worn)
 l - a scarf of repulsion (worn)
 r - a +0 cloak
 t - a +0 scale mail (worn)
Jewellery
 i - a ring of stealth (left hand)
 k - a +2 ring of protection (right hand)
 p - an uncursed ring of positive energy
 s - an uncursed ring of protection from fire
 A - an uncursed ring of see invisible {unknown}
Scrolls
 e - a scroll of magic mapping {unknown}
 h - 6 scrolls of remove curse {unknown}
 n - a scroll of amnesia {unknown}
 q - a scroll of immolation {unknown}
 u - a scroll of enchant armour {unknown}
Potions
 d - a potion of might
 g - a potion of flight {unknown}
 j - a potion of stabbing {unknown}
 m - a potion of brilliance {unknown}
 v - a potion of curing {unknown}
 w - a potion of invisibility {unknown}
Comestibles
 f - 5 rations
 z - 6 chunks of flesh


   Skills:
 + Level 4.4 Fighting
 + Level 4.9 Axes
 + Level 1.6 Slings
 + Level 4.8 Armour
 + Level 1.4 Dodging
 + Level 0.4 Stealth
 + Level 5.2 Shields


You had 5 spell levels left.
You didn't know any spells.
Your spell library was empty.

Dungeon Overview and Level Annotations

Branches:
Dungeon (4/15)
 Temple: D:4-7

Altars:
Cheibriados
Yredelemnul


Innate Abilities, Weirdness & Mutations

You reflexively headbutt those who attack you in melee.
You have a pair of horns on your head.


Message History

You feel sick. The killer bee completely misses you.
You feel sick.
You feel sick. The killer bee stings you.
* * * LOW HITPOINT WARNING * * *
The killer bee closely misses you. You furiously retaliate!
You headbutt the killer bee!
You kill the killer bee!
* * * LOW HITPOINT WARNING * * *
You feel sick. You block the killer bee's attack.
* * * LOW HITPOINT WARNING * * *
You feel sick.
The killer bee stings you but does no damage.
* * * LOW HITPOINT WARNING * * *
You feel sick.
The killer bee stings you but does no damage.
The killer bee closely misses you.
* * * LOW HITPOINT WARNING * * *
You feel sick. The killer bee stings you.
* * * LOW HITPOINT WARNING * * *
You die...

###...###
#.###.......####
#.#..........K.#
#.#.#......†##.#
#.#.###...####.#
#....##.y.# #y#
##.....##y## #.#
####.......#.#####K#
#
#..÷........@...##y#
.##
#.##.......####.##.#
#.###.###......##
#.#...# ......#
##....#<# ..# ....#
..##..# ###.###.##.#
....# .###..# .##
#..# #.#..y .# ####
## #### #..##y
........ ..#
.#...#.. ##


You could see 2 killer bees.

Vanquished Creatures
  A scorpion (D:3)
  A killer bee (D:4)
  Crazy Yiuf (D:2)
  A hound (D:2)
  Natasha (D:2)
  4 adders
  A shadow imp (D:3)
  2 oozes
  An adder skeleton (D:3)
  5 worms
  4 dart slugs
  An orc (D:4)
  6 bats
  3 giant cockroaches
  6 hobgoblins
  16 jackals
  4 kobolds
  A quokka (D:2)
  3 ball pythons
  7 frilled lizards
  15 goblins
  14 rats
98 creatures vanquished.

Notes
Turn   | Place    | Note
-------+----------+-------------------------------------------
     0 | D:1      | Glundar the Minotaur Fighter began the quest for the Orb.
     0 | D:1      | Reached XP level 1. HP: 19/19 MP: 0/0
    79 | D:1      | Reached skill level 4 in Shields
    97 | D:1      | Reached XP level 2. HP: 21/27 MP: 1/1
   428 | D:1      | Reached XP level 3. HP: 33/33 MP: 2/2
  1260 | D:2      | Reached XP level 4. HP: 17/40 MP: 3/3
  1506 | D:2      | Found a runed translucent door.
  1507 | D:2      | Noticed Crazy Yiuf
  1786 | D:2      | Reached skill level 1 in Dodging
  1953 | D:2      | Found a basalt altar of Yredelemnul.
  2130 | D:2      | Found a snail-covered altar of Cheibriados.
  2483 | D:2      | Killed Crazy Yiuf
  2483 | D:2      | Reached XP level 5. HP: 45/46 MP: 4/4
  2699 | D:3      | Noticed Natasha
  2703 | D:2      | Killed Natasha
  2703 | D:2      | Reached skill level 1 in Slings
  2995 | D:3      | Reached skill level 5 in Shields
  3257 | D:3      | Reached XP level 6. HP: 53/53 MP: 5/5
  3821 | D:4      | HP: 1/53 [killer bee (5)]
  3822 | D:4      | Succumbed to a killer bee's poison

Levels and vault maps discovered:
D:1:      nzn_arrival_depleted_hourglass, layout_basic
D:2:      minmay_alternating_diamond, layout_basic, kennysheep_slug_shrine,
          marbit_many_paths, uniq_crazy_yiuf_cottage
D:3:      wad_river_or_something, layout_basic, first_ration, uniq_natasha
D:4:      layout_loops_ring, lemuel_coloured_pillars_altar, grunt_qazlal_clouds,
          uniq_sigmund, uniq_pikel

Skill      XL: |  1  2  3  4  5 |
---------------+----------------+-----
Shields        | 4 5 |  5.2
Axes           | 3 4 |  4.9
Fighting       | 4 |  4.4
Armour         | 4 |  4.8
Dodging        | 1 |  1.4
Slings         | 1 |  1.6
Stealth        | |  0.4

Action                   |  1- 3 |  4- 6 || total
-------------------------+-------+-------++-------
Melee: War axe           |    94 |   148 ||   242
       Headbutt          |    14 |    12 ||    26
 Fire: Hunting sling     |       |    27 ||    27
  Eat: Chunk             |     1 |     8 ||     9
Armor: Scale mail        |    28 |    56 ||    84
Dodge: Dodged            |    27 |    61 ||    88
       Deflected         |       |     1 ||     1
Block: Kite shield       |    41 |    80 ||   121

Table legend:
 A = Non-vault XP
 B = Vault XP
 C = Vault XP percentage of total XP
 D = Non-vault monster count
 E = Vault monster count
 F = Vault count percentage of total count
                 A         B        C        D         E       F
            +---------+---------+-------+---------+---------+-------
      Total |     362 |     136 |  27.3 |      81 |      17 |  17.3
            +---------+---------+-------+---------+---------+-------
        D:1 |      46 |       0 |   0.0 |      25 |       0 |   0.0
        D:2 |     116 |     106 |  47.7 |      27 |       9 |  25.0
        D:3 |     124 |      30 |  19.5 |      22 |       8 |  26.7
        D:4 |      76 |       0 |   0.0 |       7 |       0 |   0.0
            +---------+---------+-------+---------+---------+-------
